 Dungeon Crawl Stone Soup version 0.15.0-18-g9076a4f (webtiles) character file.

605 EvilAshe the Cudgeler (level 7, -2/59 HPs)
             Began as an Ogre Fire Elementalist on Sept 7, 2014.
             Slain by a sky beast (6 damage)
             ... on Level 5 of the Dungeon.
             The game lasted 00:20:06 (5005 turns).

EvilAshe the Cudgeler (Ogre Fire Elementalist)      Turns: 5005, Time: 00:20:06

HP  -2/59        AC  3     Str 15      XL: 7   Next: 42%
MP  10/12        EV 10     Int 15      God:
Gold 195         SH  0     Dex 10      Spells:  3 memorised,  2 levels left

rFire  . . .     SeeInvis .     v - +0 giant spiked club
rCold  . . .     Clarity  .     a - +0 robe
rNeg   . . .     rCorr    .     (shield restricted)
rPois  .         rRot     .     u - +0 hat
rElec  .         Spirit   .     (no cloak)
SustAb .         Warding  .     (gloves unavailable)
rMut   .         Stasis   .     (boots unavailable)
Gourm  .                        (no amulet)
MR     .....                    (no ring)
                                (no ring)

@: not resistant to hostile enchantments, very unstealthy
A: unfitting armour, tough skin 1
a: no special abilities


You were on level 5 of the Dungeon.
You were very hungry.

You visited 1 branch of the dungeon, and saw 5 of its levels.

You collected 195 gold pieces.

Inventory:

Hand weapons
 e - a +0 club
 h - a +0 mace
 v - a +0 giant spiked club (weapon)
Armour
 a - a +0 robe (worn)
 u - a +0 hat (worn)
Magical devices
 m - a wand of random effects (13) {unknown}
Comestibles
 c - 4 meat rations
 k - 3 bread rations
Scrolls
 d - a scroll of enchant weapon {unknown}
 l - 3 scrolls of identify {unknown}
 o - a scroll of remove curse {unknown}
 q - 2 scrolls of blinking {unknown}
 s - 2 scrolls of enchant armour {unknown}
 x - a scroll of magic mapping {unknown}
Jewellery
 p - a +2 ring of protection {unknown}
Potions
 g - 6 potions of curing {unknown}
 i - a potion of invisibility {unknown}
 j - a potion of mutation {unknown}
 n - 2 potions of might {unknown}
 r - a potion of haste {unknown}
 t - 2 potions of confusion {unknown}
 w - a potion of agility {unknown}
Books
 b - a book of Flames

   Spells                             Type                      Level
   *Flame Tongue                      Conjuration/Fire             1
   Throw Flame                        Conjuration/Fire             2
   *Conjure Flame                     Conjuration/Fire             3
   Inner Flame                        Hexes/Fire                   3
   *Sticky Flame                      Conjuration/Fire             4
   Fireball                           Conjuration/Fire             5
 f - a book of Death

   Spells                             Type                      Level
   Corpse Rot                         Necromancy                   2
   Sublimation of Blood               Necromancy                   2
   Agony                              Necromancy                   5
   Dispel Undead                      Necromancy                   5
   Excruciating Wounds                Charms/Necromancy            5
   Bolt of Draining                   Conjuration/Necromancy       5


   Skills:
 + Level 5.8 Maces & Flails
 - Level 1.7 Dodging
 - Level 1.5 Stealth
 - Level 2.4 Spellcasting
 + Level 3.1 Conjurations
 + Level 4.0 Fire Magic


You had 2 spell levels left.
You knew the following spells:

 Your Spells              Type           Power        Failure   Level  Hunger
a - Flame Tongue          Conj/Fire      ##...        6%          1    #......
c - Conjure Flame         Conj/Fire      ##......     17%         3    ####...
s - Sticky Flame          Conj/Fire      ##......     54%         4    #####..


Dungeon Overview and Level Annotations

Branches:
Dungeon (5/15)
 Temple: D:4-7

Altars:
Qazlal
Trog

Shops:
D:5 %

Annotations:
D:2 Sigmund


Innate Abilities, Weirdness & Mutations

You are too large for most types of armour.
You have tough skin (AC +1).


Message History

Okay, then.
Casting: Flame Tongue
Confirm with . or Enter, or press ? or * to list all spells.
Aiming: Flame Tongue
Press: ? - help, Shift-Dir - straight line, f - sky beast
Aim: a sky beast (lightly wounded)
The flame tongue hits the sky beast.
The sky beast is moderately wounded.
The sky beast hits you but does no damage.
Casting: Flame Tongue
Confirm with . or Enter, or press ? or * to list all spells.
Aiming: Flame Tongue
Press: ? - help, Shift-Dir - straight line, f/p - sky beast
Aim: a sky beast (moderately wounded)
The flame tongue hits the sky beast.
The sky beast is moderately wounded.
The sky beast hits you.
* * * LOW HITPOINT WARNING * * *
The sky beast shocks you.
You die...

#.## #.............##
..###### #.(.)............
.##....####.....).........
........# #.............#
........####..(.........##
.........# ##............#
.........# #............#
.........## ##.>.........##
.>........# ###.@Y.....:..#
..........###..#....####..#
..........#...####### ##..#
#.........[.### ##..#
####.......## #..#
##.....## #..# ##..>.# #..#
##....# #. #....##


You could see a sky beast.

Vanquished Creatures
  A phantom (D:5)
  An ogre (D:4)
  A scorpion (D:5)
  A crimson imp (D:5)
  A hound (D:5)
  An orc priest (D:5)
  An iguana (D:4)
  An orc wizard (D:5)
  2 worker ants (D:4)
  Jessica (D:3)
  An ogre zombie (D:5)
  4 adders
  An inept item mimic (D:3)
  A giant mite (D:4)
  4 worms
  An ooze (D:2)
  5 orcs
  11 bats
  A bat skeleton (D:4)
  5 giant cockroaches
  6 hobgoblins
  6 jackals
  8 kobolds
  6 giant geckos
  3 giant newts
  8 goblins
  A hobgoblin zombie (D:5)
  7 rats
90 creatures vanquished.

Notes
Turn   | Place    | Note
--------------------------------------------------------------
     0 | D:1      | EvilAshe, the Ogre Fire Elementalist, began the quest for the Orb.
     0 | D:1      | Reached XP level 1. HP: 16/16 MP: 3/3
   332 | D:1      | Reached skill level 1 in Conjurations
   332 | D:1      | Reached XP level 2. HP: 18/24 MP: 3/5
  1209 | D:2      | Found a stormy altar of Qazlal.
  1216 | D:2      | Reached skill level 1 in Maces & Flails
  1216 | D:2      | Reached XP level 3. HP: 31/31 MP: 4/6
  1240 | D:2      | Learned a level 3 spell: Conjure Flame
  1484 | D:2      | Noticed Sigmund
  1835 | D:2      | Reached XP level 4. HP: 35/39 MP: 4/8
  2469 | D:3      | Reached skill level 3 in Fire Magic
  2603 | D:3      | Noticed Jessica
  2610 | D:3      | Killed Jessica
  2723 | D:3      | Reached XP level 5. HP: 45/45 MP: 5/9
  2987 | D:3      | Found a bloodstained altar of Trog.
  3277 | D:4      | Noticed an ogre
  3393 | D:4      | Killed an ogre
  3393 | D:4      | Reached skill level 4 in Maces & Flails
  3393 | D:4      | Reached XP level 6. HP: 43/53 MP: 0/11
  4329 | D:5      | Entered Level 5 of the Dungeon
  4591 | D:5      | Reached skill level 5 in Maces & Flails
  4591 | D:5      | Reached XP level 7. HP: 51/59 MP: 5/12
  4767 | D:5      | Learned a level 4 spell: Sticky Flame
  4900 | D:5      | Found Affebbi's Food Shoppe.
  5005 | D:5      | Slain by a sky beast

Action                   |  1- 3 |  4- 6 |  7- 9 || total
-------------------------+-------+-------+-------++-------
Melee: Club              |    31 |       |       ||    31
       Mace              |    33 |    54 |       ||    87
       Giant spiked club |       |    16 |    19 ||    35
 Cast: Flame Tongue      |    46 |    98 |    16 ||   160
       Conjure Flame     |       |     3 |     1 ||     4
 Stab: Sleeping          |     1 |       |       ||     1
  Eat: Chunk             |     3 |    11 |     1 ||    15
